 Dungeon Crawl Stone Soup version 0.17-a0-1778-gd369669 (webtiles) character file.

129 4thArraOfDagon the Cudgeler (level 4, -2/45 HPs)
             Began as a Troll Chaos Knight on Sept 8, 2015.
             Slain by hexophile's ghost (4 damage)
             ... on level 5 of the Dungeon.
             The game lasted 00:03:32 (592 turns).

4thArraOfDagon the Cudgeler (Troll Chaos Knight)     Turns: 592, Time: 00:03:32

Health: -2/45      AC:  7    Str: 22    XL:     4   Next: 88%
Magic:  11/11      EV: 10    Int:  9    God:    Xom [.*....]
Gold:   105        SH:  0    Dex:  9    Spells: 0 memorised, 3 levels left

rFire  . . .     SeeInvis .     a - +0 mace (chaos)
rCold  . . .     Clarity  .     b - +2 robe
rNeg   . . .     SustAt   .     (no shield)
rPois  .         Gourm    +     (helmet restricted)
rElec  .         Spirit   .     (no cloak)
rCorr  .         Warding  .     (gloves unavailable)
rMut   .         Stasis   .     (boots unavailable)
MR     .....                    (no amulet)
Stlth  ..........               i - ring of magical power
                                h - ring of loudness (curse)

@: not resistant to hostile enchantments, extremely unstealthy
A: unfitting armour, claws 3, fast metabolism 3, gourmand, low mp 1,
regeneration 2, shaggy fur 1, spit poison 1, strong 1, tough skin 2
a: Spit Poison, Renounce Religion


You were on level 5 of the Dungeon.
You worshipped Xom.
You were a plaything of Xom.
You were full.

You visited 1 branch of the dungeon, and saw 5 of its levels.

You collected 105 gold pieces.

Inventory:

Hand weapons
 a - a +0 mace of chaos (weapon)
Armour
 b - a +2 robe (worn)
Jewellery
 h - a cursed ring of loudness (left claw)
 i - a ring of magical power (right claw)
Scrolls
 e - a scroll of identify {unknown}
 g - 2 scrolls of amnesia {unknown}
 j - a scroll of recharging {unknown}
Potions
 f - a potion of curing {unknown}
Comestibles
 c - 2 bread rations
 k - 4 fruits


   Skills:
 + Level 3.2 Fighting
 * Level 3.9 Maces & Flails
 + Level 2.8 Dodging


You had 3 spell levels left.
You didn't know any spells.

Dungeon Overview and Level Annotations

Branches:
Dungeon (5/15)
 Temple: D:4-7

Altars:
Fedhas

Annotations:
D:5 hexophile's ghost, average OgFi


Innate Abilities, Weirdness & Mutations

You are too large for most types of armour.
You have claws for hands.
Your metabolism is lightning-fast.
You like to eat raw meat.
You heal very quickly.
You are covered in fur (AC +1).
You have very tough skin (AC +2).
Your magical capacity is low (-10% MP).
You can spit weak poison.
Your muscles are strong. (Str +2)


Message History

Hexophile's ghost turns its malevolent gaze towards you.
Something hits you but does no damage.
Unknown command.
Hexophile's ghost hits you!
* * * LOW HITPOINT WARNING * * *
Unknown command.
Unknown command.
Hexophile's ghost hits you.
* * * LOW HITPOINT WARNING * * *
Unknown command.
Unknown command.
Drink which item? (? for menu, Esc to quit)
It was a potion of mutation.
You feel extremely strange.
You feel stronger.
There is a nasty taste in your mouth for a moment.
You feel less energetic.
Hexophile's ghost keens inconsolably.
Hexophile's ghost hits you.
You die...
Xom snickers!

....... #...#
....?.. #...##
)...... #...#
...$...####..#####
.......<.........#
#......#####.....#
#...... #a##(.S...
#...... #.##......
#.)###. #W@#......
#. #. ##.#......
## # ## ... .....
.###. ..... .(
....... ......F
.##......
.........#F.b..#
#..........<#
........%...W.#
.......b.b#


You could see a giant frog, a worker ant and hexophile's ghost.

Vanquished Creatures
  2 hounds (D:4)
  Robin (D:4)
  2 adders (D:4)
  2 worms
  A ball python (D:2)
  A bat (D:3)
  2 giant cockroaches (D:4)
  10 goblins
  5 hobgoblins
  4 jackals
  4 kobolds
  3 rats (D:3)
  A fungus (D:4)
38 creatures vanquished.

Notes
Turn   | Place    | Note
--------------------------------------------------------------
     0 | D:1      | 4thArraOfDagon the Troll Chaos Knight began the quest for the Orb.
     0 | D:1      | Reached XP level 1. HP: 22/22 MP: 0/0
    52 | D:1      | XOM: smoke on damage
    68 | D:2      | Reached skill level 3 in Maces & Flails
    76 | D:2      | XOM: potion effect (agility)
    79 | D:2      | Reached XP level 2. HP: 27/29 MP: 1/1
   178 | D:3      | XOM: divination: magic mapping
   190 | D:3      | XOM: divination: detect items
   220 | D:3      | Found a blossoming altar of Fedhas.
   223 | D:3      | You fall through a shaft!
   258 | D:4      | Reached XP level 3. HP: 32/36 MP: 2/2
   283 | D:4      | Noticed Robin
   298 | D:4      | Killed Robin
   298 | D:4      | Reached XP level 4. HP: 43/45 MP: 3/3
   365 | D:5      | Entered Level 5 of the Dungeon
   365 | D:5      | Noticed a giant frog
   365 | D:5      | Noticed hexophile's ghost (average OgFi)
   399 | D:5      | XOM: butterfly on damage
   471 | D:4      | XOM: 1-stop teleportation journey
   576 | D:5      | Noticed an ice beast
   584 | D:5      | Noticed a sky beast
   584 | D:5      | an ice beast changed into a sky beast
   584 | D:5      | XOM: polymorph ice beast -> sky beast
   591 | D:5      | HP: 2/45 [hexophile's ghost (4)]
   592 | D:5      | Gained mutation: Your muscles are strong. (Str +2) [potion of mutation]
   592 | D:5      | Gained mutation: You can spit weak poison. [potion of mutation]
   592 | D:5      | Gained mutation: Your magical capacity is low (-10% MP). [potion of mutation]
   592 | D:5      | Slain by hexophile's ghost

Vault maps used:
D:1:      dpeg_arrival_brainrot, st_stairs_7, minmay_misc_feat_nine_boxes
D:2:      minmay_misc_feat_square
D:3:      fedhas_altar_3, first_bread, uniq_sigmund
D:4:      serial_glass, glass_columns_b, glass_columns_b, glass_columns_a,
          glass_columns_a, kennysheep_nub, minmay_gold_behind_fungi,
          dk_vineyard_1, nrook_uturn, grunt_decor_fettered,
          minmay_goblin_kobold_house, uniq_robin
D:5:      uniq_pikel

Action                   |  1- 3 |  4- 6 || total
-------------------------+-------+-------++-------
Melee: Mace              |    71 |    67 ||   138
  Use: Potion            |       |     1 ||     1
 Stab: Sleeping          |     1 |       ||     1
  Eat: Chunk             |     6 |     3 ||     9
